 Dungeon Sprint DCSS version 0.25-a0-413-g3b4b6a4ccc (webtiles) character file.

Game seed: 12476261762681800269, levelgen mode: deterministic

6973 wilfster70 the Unseen (level 10, -1/74 (77) HPs)
             Began as a Vampire Enchanter on Jan 15, 2020.
             Was the Champion of Dithmenos.
             Slain by a demonic crawler (2 damage)
             ... in the Dungeon (Sprint I: "Red Sonja").
             The game lasted 00:09:28 (1093 turns).

wilfster70 the Unseen (Vampire Enchanter)           Turns: 1093, Time: 00:09:28

HP:   -1/74 (77)    AC:  5    Str:  7    XL:     10   Next: 81%
MP:   22/24         EV: 17    Int: 28    God:    Dithmenos [******]
Gold: 427           SH:  0    Dex: 14    Spells: 23/29 levels left

rFire    . . .     SeeInvis +   a - +1 dagger
rCold    . . .     Gourm    .   (no shield)
rNeg     . . .     Faith    .   b - +0 robe
rPois    .         Spirit   .   j - +2 helmet {Int+3}
rElec    .         Reflect  .   (no cloak)
rCorr    .         Harm     .   (no gloves)
MR       +++..     NoTele   +   (no boots)
Stlth    +++++++++.             (no amulet)
HPRegen  0.42/turn              m - ring of the Mage {Wiz MR++ Int+3}
MPRegen  0.19/turn              (no ring)

@: confusing touch, regenerating quickly, wreathed by umbra
A: no food, fangs 3, see invisible, unbreathing
a: Exsanguinate, Shadow Step, Shadow Form, Renounce Religion


You were in the Dungeon.
You worshipped Dithmenos.
Dithmenos was exalted by your worship.
You were alive.

You visited 1 branch You collected 1335 gold pieces.
You spent 908 gold pieces at shops.

Inventory:

Hand Weapons
 a - a +1 dagger (weapon)
Missiles
 h - 9 curare-tipped darts (quivered)
Armour
 b - a +0 robe (worn)
 j - a +2 helmet of intelligence (worn)
Jewellery
 m - the ring of the Mage (left hand) {Wiz MR++ Int+3}
   (You bought it in a shop in the Dungeon)

   [ring of wizardry]

   It improves your spell success rate.
   It affects your intelligence (+3).
   It affects your resistance to hostile enchantments.
Wands
 c - a wand of polymorph (12)
Scrolls
 e - a scroll of enchant weapon {unknown}
 i - a scroll of blinking
 l - 3 scrolls of silence {unknown}
Potions
 d - 4 potions of curing
 f - a potion of haste
 g - 2 potions of magic
 k - a potion of might {unknown}
 n - 2 potions of degeneration {unknown}
 o - a potion of heal wounds


   Skills:
 + Level 6.7 Fighting
 - Level 10.4 Short Blades
 + Level 8.4 Dodging
 - Level 15.1 Stealth
 - Level 10.0 Spellcasting
 - Level 10.0 Hexes
 - Level 6.7 Ice Magic
 + Level 10.4 Invocations
 - Level 8.4 Evocations


You had 23 spell levels left.
You knew the following spells:

 Your Spells              Type           Power        Failure   Level  Hunger
a - Confusing Touch       Hex            ######..     1%          3    N/A
b - Ensorcelled Hibernat  Hex/Ice        ######       1%          2    N/A
c - Corona                Hex            ######.      1%          1    N/A

Your spell library contained the following spells:

 Spells                   Type           Power        Failure   Level  Hunger
 Animate Skeleton         Necr           N/A          1%          1    N/A
 Apportation              Tloc           ##....       1%          1    N/A
 Summon Small Mammal      Summ           ##..         1%          1    N/A
 Dazzling Flash           Conj/Hex       #####.       1%          3    N/A
 Tukima's Dance           Hex            ######..     1%          3    N/A

Dungeon Overview and Level Annotations

Branches:
Dungeon (1/1)

Altars:
Cheibriados
Dithmenos
Elyvilon
Fedhas
Gozag
Hepliaklqana
Kikubaaqudgha
Makhleb
Nemelex Xobeh
Okawaru
Qazlal
Ru
Sif Muna
Trog
Uskayaw
Vehumet
Wu Jian
Xom
Yredelemnul
Zin
The Shining One
Jiyva
Lugonu

Shops:
D ![*[=**([=}![!=[(


Innate Abilities, Weirdness & Mutations

You do not eat.
Your natural rate of healing is unusually fast.
You have razor-sharp teeth.
You have supernaturally acute eyesight. (SInv)
You can survive without breathing.


Message History

You hit the demonic crawler but do no damage.
You bite the demonic crawler, but do no damage.
Your shadow hits the demonic crawler but does no damage.
The demonic crawler misses you. The demonic crawler barely misses you.
The demonic crawler hits you but does no damage.
You hit the demonic crawler but do no damage.
You hit the demonic crawler but do no damage.
The demonic crawler hits you.
* * * LOW HITPOINT WARNING * * *
The demonic crawler misses you. x2
You hit the demonic crawler but do no damage.
You bite the demonic crawler, but do no damage.
The demonic crawler barely misses you. The demonic crawler closely misses you.
The demonic crawler hits you!
* * * LOW HITPOINT WARNING * * *
You see here a ration.
The demonic crawler hits you.
* * * LOW HITPOINT WARNING * * *
The demonic crawler misses you. The demonic crawler hits you.
You die...

##########################
#<.#.)'..#.)'..#__#..'..)#
#..'..#.)'..#..'..'..#...##+#
#..#####'#####'#__####)..'†.#
#..####..#...#.####§[#####†.+
#..#__####..##s#≈≈≈..#§.# +##
#..#_____##'#s.'≈≈§.§§§.#
#⌠⌠#_.∩...'..@_#§§§§§#§.#
####_..__##_.#'##§#####'###
#_____###'#.#...(###.'.#
############.####'###)###.#
#∩........'.).'.....'[∩##.#
###++++####...###########÷#
###.###....§..##.#
#.#'#.#......§†§§#
#.....#'''######.#


You could see 2 demonic crawlers.

Vanquished Creatures
  2 centaur warriors (D)
  Sonja (D)
  2 unseen horrors (D)
  A deep troll (D)
  An oklob plant (D)
  2 kobold demonologists (D)
  2 demonic crawlers (D)
  A hornet (D)
  A slime creature (D)
  Sigmund (D)
  2 redbacks (D)
  A yak (D)
  2 floating eyes (D)
  7 necrophages (D)
  An ogre (D)
  8 jellies (D)
  Ijyb (D)
  A ballistomycete spore (D)
37 creatures vanquished.

Vanquished Creatures (others)
  A ballistomycete spore (D)
1 creature vanquished.

Grand Total: 38 creatures vanquished

Notes
Turn   | Place    | Note
-------+----------+-------------------------------------------
     0 | D        | wilfster70 the Vampire Enchanter began the quest for the
                  | Orb.
     0 | D        | Reached XP level 1. HP: 13/13 MP: 3/3
     1 | D        | Noticed Ijyb
    14 | D        | Killed Ijyb
    14 | D        | Reached skill level 6 in Stealth
    14 | D        | Reached XP level 2. HP: 19/19 MP: 4/6
    58 | D        | Learned a level 2 spell: Ensorcelled Hibernation
    59 | D        | Noticed an ogre
    62 | D        | Killed an ogre
    62 | D        | Reached skill level 8 in Stealth
    62 | D        | Reached XP level 3. HP: 24/24 MP: 7/9
    62 | D        | Reached XP level 4. HP: 30/30 MP: 7/10
    71 | D        | Noticed Sigmund
    74 | D        | Killed Sigmund
    74 | D        | Reached skill level 10 in Stealth
    74 | D        | Reached skill level 10 in Hexes
    74 | D        | Reached XP level 5. HP: 35/35 MP: 8/13
    74 | D        | Reached XP level 6. HP: 41/41 MP: 9/15
   125 | D        | Found an ornate altar of the Wu Jian Council.
   125 | D        | Found a shimmering blue altar of Sif Muna.
   127 | D        | Found a radiant altar of Vehumet.
   131 | D        | Reached skill level 1 in Ice Magic
   131 | D        | Reached skill level 1 in Evocations
   154 | D        | Found Tiecvie's Armour Emporium.
   154 | D        | Found an ancient bone altar of Kikubaaqudgha.
   154 | D        | Found a hazy altar of Hepliaklqana.
   154 | D        | Found a hide-covered altar of Uskayaw.
   154 | D        | Found a basalt altar of Yredelemnul.
   154 | D        | Found an opulent altar of Gozag.
   154 | D        | Found a snail-covered altar of Cheibriados.
   154 | D        | Found a sacrificial altar of Ru.
   154 | D        | Found a shadowy altar of Dithmenos.
   154 | D        | Noticed a yak
   156 | D        | Killed a yak
   156 | D        | Reached skill level 11 in Stealth
   157 | D        | Found a stormy altar of Qazlal.
   157 | D        | Found a blossoming altar of Fedhas.
   157 | D        | Found a bloodstained altar of Trog.
   157 | D        | Found an iron altar of Okawaru.
   157 | D        | Found a glowing golden altar of the Shining One.
   157 | D        | Found a glowing silver altar of Zin.
   157 | D        | Found a white marble altar of Elyvilon.
   162 | D        | Learned a level 3 spell: Confusing Touch
   162 | D        | Found a sparkling altar of Nemelex Xobeh.
   168 | D        | Became a worshipper of Dithmenos the Shadowed
   177 | D        | Noticed Sonja
   182 | D        | Killed Sonja
   182 | D        | Reached skill level 12 in Stealth
   182 | D        | Reached XP level 7. HP: 8/46 MP: 12/18
   182 | D        | Reached XP level 8. HP: 9/52 MP: 12/19
   313 | D        | Found Dieriosa's Distillery.
   346 | D        | Noticed a deep troll
   350 | D        | Killed a deep troll
   350 | D        | Reached skill level 13 in Stealth
   350 | D        | Reached skill level 5 in Ice Magic
   350 | D        | Reached skill level 5 in Evocations
   360 | D        | Found Kijiy's Armour Emporium.
   364 | D        | Bought a +2 helmet of intelligence for 236 gold pieces
   387 | D        | Noticed a centaur warrior
   387 | D        | Noticed a centaur warrior
   392 | D        | Killed a centaur warrior
   392 | D        | Reached * piety under Dithmenos
   392 | D        | Reached skill level 10 in Short Blades
   392 | D        | Reached skill level 14 in Stealth
   392 | D        | Reached skill level 5 in Invocations
   392 | D        | Reached XP level 9. HP: 38/57 MP: 18/21
   396 | D        | Killed a centaur warrior
   396 | D        | Reached skill level 15 in Stealth
   478 | D        | Noticed an oklob plant
   498 | D        | Killed an oklob plant
   498 | D        | Reached ** piety under Dithmenos
   498 | D        | Reached skill level 10 in Spellcasting
   594 | D        | Noticed an unseen horror
   595 | D        | Noticed an unseen horror
   601 | D        | Killed an unseen horror
   601 | D        | Reached *** piety under Dithmenos
   601 | D        | Reached XP level 10. HP: 60/68 MP: 21/24
   603 | D        | Killed an unseen horror
   603 | D        | Reached skill level 5 in Dodging
   619 | D        | Reached **** piety under Dithmenos
   825 | D        | Found Paonuyro's Antique Armour Shoppe.
   826 | D        | Found Umo Qua's General Store.
   826 | D        | Found Unink's Jewellery Boutique.
   827 | D        | Found Feripiod's Distillery.
   827 | D        | Found Biplym's Jewellery Emporium.
   828 | D        | Found Sasepl Lyuch's Weapon Emporium.
   853 | D        | Reached ***** piety under Dithmenos
   907 | D        | Reached skill level 5 in Fighting
   936 | D        | Found Zovielyz's Assorted Antiques.
   936 | D        | Found Irost's General Store.
   936 | D        | Found Yvatt's Weapon Shoppe.
   936 | D        | Found Ocsarant's Antique Armour Boutique.
   936 | D        | Found Xeofoi's Jewellery Emporium.
   936 | D        | Found Tudeibba's Gadget Shop.
   936 | D        | Found Rutufieh's Distillery.
   940 | D        | Found Yreribas's Antique Armour Boutique.
   964 | D        | Bought the ring of the Mage {Wiz MR++ Int+3} for 672 gold
                  | pieces
   964 | D        | Found the ring of the Mage {Wiz MR++ Int+3}
  1045 | D        | Found a viscous altar of Jiyva.
  1045 | D        | Found a corrupted altar of Lugonu.
  1046 | D        | Found a burning altar of Makhleb.
  1046 | D        | Found a shimmering altar of Xom.
  1066 | D        | Reached skill level 10 in Invocations
  1067 | D        | Reached ****** piety under Dithmenos
  1090 | D        | HP: 3/74 [demonic crawler (12)]
  1093 | D        | HP: 1/74 [demonic crawler (3)]
  1093 | D        | Slain by a demonic crawler

Levels and vault maps discovered:
D:        dungeon_sprint_1 [red_sonja_temple_1, red_sonja_temple_small_1]

Skill      XL: |  1  2  3  4  5  6  7  8  9 10 |
---------------+-------------------------------+-----
Short Blades   | 3 4 6 9 10 | 10.4
Stealth        | 6 8 10 12 14 15 | 15.1
Spellcasting   | 3 4 6 7 8 10 | 10.0
Hexes          | 6 7 10 | 10.0
Ice Magic      | 4 6 |  6.7
Evocations     | 4 6 8 |  8.4
Invocations    | 3 5 8 10 | 10.4
Fighting       | 2 6 |  6.7
Dodging        | 4 8 |  8.4

Action                   |  1- 3 |  4- 6 |  7- 9 | 10-12 || total
-------------------------+-------+-------+-------+-------++-------
Melee: Dagger            |    11 |     4 |    25 |    45 ||    85
       Bite              |       |       |     3 |     8 ||    11
 Cast: Ensorcelled Hiber |       |     3 |     4 |    10 ||    17
       Confusing Touch   |       |       |     1 |     6 ||     7
  Use: Potion            |     1 |       |     1 |       ||     2
 Stab: Sleeping          |     2 |     4 |     8 |    17 ||    31
       Confused          |       |       |     2 |     5 ||     7
Armor: Robe              |     1 |     1 |       |     6 ||     8
Dodge: Dodged            |     2 |     1 |     2 |    39 ||    44

Table legend:
 A = Non-vault XP
 B = Vault XP
 C = Vault XP percentage of total XP
 D = Non-vault monster count
 E = Vault monster count
 F = Vault count percentage of total count
                 A         B        C        D         E       F
            +---------+---------+-------+---------+---------+-------
      Total |       0 |    9962 | 100.0 |       0 |      36 | 100.0
            +---------+---------+-------+---------+---------+-------
          D |       0 |    9962 | 100.0 |       0 |      36 | 100.0
            +---------+---------+-------+---------+---------+-------
